 Dungeon Crawl Stone Soup version 0.27.1 (webtiles) character file.

Game seed: 11067422564823938246

473 SaimiTM the Archer (level 7, -5/56 HPs)
             Began as a Gnoll Hunter on Aug 28, 2021.
             Was a Follower of Qazlal.
             Slain by a scorpion (6 damage)
             ... on level 4 of the Dungeon.
             The game lasted 00:31:50 (3760 turns).

SaimiTM the Archer (Gnoll Hunter)                   Turns: 3760, Time: 00:31:50

Health: -5/56      AC:  3    Str: 11    XL:     7   Next: 10%
Magic:  10/10      EV: 13    Int: 10    God:    Qazlal [*.....]
Gold:   137        SH:  1    Dex: 15    Spells: 10/10 levels left

rFire    . . .     SeeInvis .   j - +2 flail (vorpal)
rCold    . . .     Faith    .   (no shield)
rNeg     . . .     Spirit   .   c - +0 leather armour
rPois    .         Reflect  .   (no helmet)
rElec    .         Harm     .   (no cloak)
rCorr    .         Rampage  .   (no gloves)
Will     .....                  (no boots)
Stlth    ++........             (no amulet)
HPRegen  0.18/turn              (no ring)
MPRegen  0.12/turn              (no ring)

@: on berserk cooldown, slowed, very slow
A: fangs 1, strong nose, distributed training
a: Renounce Religion


You were on level 4 of the Dungeon.
You worshipped Qazlal.
Qazlal was aware of your devotion.
You visited 1 branch of the dungeon, and saw 4 of its levels.

You collected 137 gold pieces.

Inventory:

Hand Weapons
 a - a +1 shortbow
 b - a +0 short sword
 j - a +2 vorpal flail (weapon)
Missiles
 d - 4 arrows
 k - 5 silver javelins (quivered)
 r - 19 bolts
 s - 15 poisoned darts
Armour
 c - a +0 leather armour (worn)
Wands
 n - a wand of digging (5)
 t - a wand of polymorph (8)
Scrolls
 g - 2 scrolls of identify {unknown}
 h - 2 scrolls of vulnerability {unknown}
 i - 2 scrolls of immolation {unknown}
 l - a scroll of fear {unknown}
 m - a scroll of enchant armour {unknown}
 o - a scroll of teleportation {unknown}
 u - a scroll of amnesia {unknown}
Potions
 e - 3 potions of curing
 f - a potion of magic {unknown}
 p - a potion of berserk rage
 q - a potion of lignification {unknown}


   Skills:
 + Level 5.1 Fighting
 + Level 2.2 Short Blades
 + Level 2.2 Long Blades
 + Level 2.2 Axes
 + Level 2.2 Maces & Flails
 + Level 2.2 Polearms
 + Level 2.2 Staves
 + Level 2.2 Slings
 + Level 8.8 Bows
 + Level 2.2 Crossbows
 + Level 2.2 Throwing
 + Level 2.2 Armour
 + Level 5.1 Dodging
 + Level 3.3 Stealth
 + Level 2.2 Shields
 + Level 2.2 Unarmed Combat
 + Level 2.2 Spellcasting
 + Level 1.8 Conjurations
 + Level 1.8 Hexes
 + Level 1.8 Summonings
 + Level 1.8 Necromancy
 + Level 1.8 Translocations
 + Level 1.8 Transmutations
 + Level 1.8 Fire Magic
 + Level 1.8 Ice Magic
 + Level 1.8 Air Magic
 + Level 1.8 Earth Magic
 + Level 1.8 Poison Magic
 + Level 2.5 Invocations
 + Level 2.2 Evocations


You had 10 spell levels left.
You didn't know any spells.
Your spell library contained the following spells:

 Spells                   Type           Power      Damage    Failure   Level
 Corpse Rot               Necr/Air       N/A        N/A       28%         2
 Dispel Undead            Necr           4%         3d7       88%         4
 Death Channel            Necr           2%         N/A       100%        6


Dungeon Overview and Level Annotations

Branches:
Dungeon (4/15)
 Temple: D:4-7

Altars:
Ashenzari
Qazlal

Shops:
D:1 *


Innate Abilities, Weirdness & Mutations

You have very sharp teeth.
Your uncanny sense of smell can sniff out nearby items.
Your experience applies equally to all skills.


Message History

You shoot an arrow. The arrow barely misses the scorpion.
You feel sick. The scorpion barely misses you.
j - a +2 vorpal flail (weapon)
You barely miss the scorpion.
You feel sick.
You are no longer poisoned.
The scorpion stings you!
* * * LOW HITPOINT WARNING * * *
The scorpion closely misses you. The scorpion misses you.
You see here 4 arrows.
The scorpion closely misses you. The scorpion stings you!
* * * LOW HITPOINT WARNING * * *
It was a potion of curing.
You feel better. The scorpion stings you.
* * * LOW HITPOINT WARNING * * *
It was a potion of berserk rage.
A red film seems to cover your vision as you go berserk!
You feel yourself moving faster!
You feel mighty! The scorpion stings you.
* * * LOW HITPOINT WARNING * * *
You barely miss the scorpion. You bite the scorpion.
The scorpion is moderately wounded.
The scorpion stings you but does no damage.
You sock the scorpion!
You kill the scorpion!
Qazlal accepts your kill.
You have reached level 7!
You feel a strong urge to attack something.
You feel your anger nearly subside.
You are no longer berserk.
You are exhausted.
You feel yourself slow down.
d - 4 arrows A scorpion comes into view.
You see here 6 arrows.
The scorpion stings you.
* * * LOW HITPOINT WARNING * * *
The scorpion stings you.
* * * LOW HITPOINT WARNING * * *
You see here 6 arrows.
The scorpion stings you.
You die...

.###
#....##.##.
.+.#
#....#...##
.#.# #.
#....#._.##
.))# #.#
###.##...##
.### ∆ #..####
#..#..##. .#
#..^# #..#..##.
.#
.#########.##
#..#..#.. ##
.........##s#
##.......
.#######).@.#
#....... #.####
##...... #.#
#.>.... #.#
##..... #.#
#..... #.#
###### ∆ #.#
#.#############
#.............#


You could see a scorpion.

Vanquished Creatures
  Grinder (D:4)
  2 scorpions (D:4)
  A hound (D:4)
  A gnoll (D:1)
  3 adders (D:2)
  An ufetubus (D:4)
  A dart slug (D:1)
  7 orcs
  6 ball pythons
  7 endoplasms
  2 giant cockroaches
  8 goblins
  5 hobgoblins
  5 jackals
  10 kobolds
  3 quokkas
  4 bats
  2 frilled lizards
  3 rats
72 creatures vanquished.

Vanquished Creatures (others)
  A plant (D:3)
1 creature vanquished.

Grand Total: 73 creatures vanquished

Notes
Turn   | Place    | Note
-------+----------+-------------------------------------------
     0 | D:1      | SaimiTM the Gnoll Hunter began the quest for the Orb.
     0 | D:1      | Reached XP level 1. HP: 20/20 MP: 1/1
    41 | D:1      | Reached XP level 2. HP: 23/26 MP: 2/2
   143 | D:1      | Found Hetac's Assorted Antiques.
   432 | D:1      | Reached XP level 3. HP: 31/31 MP: 3/3
  1095 | D:2      | Reached skill level 1 in Invocations
  1204 | D:2      | Reached skill level 1 in Short Blades
  1204 | D:2      | Reached skill level 1 in Long Blades
  1204 | D:2      | Reached skill level 1 in Axes
  1204 | D:2      | Reached skill level 1 in Maces & Flails
  1204 | D:2      | Reached skill level 1 in Polearms
  1204 | D:2      | Reached skill level 1 in Staves
  1204 | D:2      | Reached skill level 1 in Slings
  1204 | D:2      | Reached skill level 1 in Crossbows
  1204 | D:2      | Reached skill level 1 in Throwing
  1204 | D:2      | Reached skill level 1 in Armour
  1204 | D:2      | Reached skill level 1 in Shields
  1204 | D:2      | Reached skill level 1 in Unarmed Combat
  1204 | D:2      | Reached skill level 1 in Spellcasting
  1204 | D:2      | Reached skill level 1 in Evocations
  1245 | D:2      | Reached XP level 4. HP: 38/38 MP: 5/5
  1995 | D:2      | Reached skill level 1 in Conjurations
  1995 | D:2      | Reached skill level 1 in Hexes
  1995 | D:2      | Reached skill level 1 in Summonings
  1995 | D:2      | Reached skill level 1 in Necromancy
  1995 | D:2      | Reached skill level 1 in Translocations
  1995 | D:2      | Reached skill level 1 in Transmutations
  1995 | D:2      | Reached skill level 1 in Fire Magic
  1995 | D:2      | Reached skill level 1 in Ice Magic
  1995 | D:2      | Reached skill level 1 in Air Magic
  1995 | D:2      | Reached skill level 1 in Earth Magic
  1995 | D:2      | Reached skill level 1 in Poison Magic
  2016 | D:2      | Found a stormy altar of Qazlal.
  2041 | D:2      | Became a worshipper of Qazlal Stormbringer
  2551 | D:3      | Found a faded altar of an unknown god.
  3344 | D:4      | Reached XP level 5. HP: 19/43 MP: 5/7
  3346 | D:4      | Reached * piety under Qazlal
  3515 | D:4      | Noticed Grinder
  3524 | D:4      | Killed Grinder
  3525 | D:4      | Reached skill level 5 in Fighting
  3525 | D:4      | Reached skill level 5 in Dodging
  3525 | D:4      | Reached XP level 6. HP: 51/51 MP: 7/9
  3588 | D:4      | Found a broken altar of Ashenzari.
  3748 | D:4      | Reached XP level 7. HP: 9/56 MP: 10/10
  3759 | D:4      | HP: 1/56 [scorpion (5)]
  3760 | D:4      | Slain by a scorpion

Illustrated notes

Levels and vault maps discovered:
D:1:      evilmike_arrival_crescent, layout_basic, serial_shops,
          nicolae_shop_behind_doors
D:2:      layout_loops_ring, basic_altar, grunt_decor_resistance,
          minmay_tromino_v2
D:3:      layout_loops_corners, shapermc_ecumenical_altar_ellora,
          wander_ebering_terrifying_dragon_lair
D:4:      old_forge, layout_basic, mainiacjoe_overflow_catch_the_wave,
          uniq_duvessa, uniq_crazy_yiuf_cottage, uniq_grinder

Skill      XL: |  1  2  3  4  5 |
---------------+----------------+-----
Invocations    | 1 2 |  2.5
Short Blades   | 1 2 |  2.2
Long Blades    | 1 2 |  2.2
Axes           | 1 2 |  2.2
Maces & Flails | 1 2 |  2.2
Polearms       | 1 2 |  2.2
Staves         | 1 2 |  2.2
Slings         | 1 2 |  2.2
Crossbows      | 1 2 |  2.2
Throwing       | 1 2 |  2.2
Armour         | 1 2 |  2.2
Shields        | 1 2 |  2.2
Unarmed Combat | 1 2 |  2.2
Spellcasting   | 1 2 |  2.2
Evocations     | 1 2 |  2.2
Conjurations   | 1 |  1.8
Hexes          | 1 |  1.8
Summonings     | 1 |  1.8
Necromancy     | 1 |  1.8
Translocations | 1 |  1.8
Transmutations | 1 |  1.8
Fire Magic     | 1 |  1.8
Ice Magic      | 1 |  1.8
Air Magic      | 1 |  1.8
Earth Magic    | 1 |  1.8
Poison Magic   | 1 |  1.8
Fighting       | 5 |  5.1
Dodging        | 5 |  5.1
Stealth        | 3 |  3.3
Bows           | |  8.8

Action                   |  1- 3 |  4- 6 |  7- 9 || total
-------------------------+-------+-------+-------++-------
Melee: Shortbow          |       |     1 |       ||     1
       Flail             |       |     8 |       ||     8
       Bite              |       |     1 |       ||     1
 Fire: Shortbow          |    80 |   120 |       ||   200
  Use: Potion            |       |     2 |       ||     2
Armor: Leather armour    |     7 |    11 |       ||    18
Dodge: Dodged            |    16 |    33 |       ||    49
